 Dungeon Crawl Stone Soup version 0.18.1-6-gd335043 (webtiles) character file.

305 Shtopit the Covered (level 6, -3/38 HPs)
             Began as a Gargoyle Fighter on May 17, 2016.
             Slain by an ogre
             ... wielding a +0 giant spiked club
              (19 damage)
             ... on level 4 of the Dungeon.
             The game lasted 00:06:38 (3854 turns).

Shtopit the Covered (Gargoyle Fighter)              Turns: 3854, Time: 00:06:38

Health: -3/38      AC: 11    Str: 22    XL:     6   Next: 39%
Magic:  6/6        EV:  8    Int:  8    God:
Gold:   182        SH:  9    Dex:  9    Spells: 0 memorised, 5 levels left

rFire  . . .     SeeInvis .     a - +0 flail
rCold  . . .     Gourm    .     b - +0 scale mail
rNeg   + . .     Faith    .     c - +0 shield
rPois  ∞         Spirit   .     (no helmet)
rElec  +         Dismiss  .     (no cloak)
rCorr  .         Reflect  .     (no gloves)
SustAt .         Harm     .     (no boots)
MR     .....                    (no amulet)
Stlth  ..........               (no ring)
                                (no ring)

@: not resistant to hostile enchantments, extremely unstealthy
A: negative energy resistance 1, electricity resistance, unbreathing,
petrification resistance, rot immunity, AC +4
a: no special abilities


You were on level 4 of the Dungeon.
You were not hungry.

You visited 1 branch of the dungeon, and saw 4 of its levels.

You collected 182 gold pieces.

Inventory:

Hand Weapons
 a - a +0 flail (weapon)
 x - a +0 arbalest
 y - a +0 blowgun
Missiles
 l - 15 bolts
 v - 15 poisoned needles
Armour
 b - a +0 scale mail (worn)
 c - a +0 shield (worn)
Jewellery
 t - an uncursed ring of flight {unknown}
Scrolls
 h - a scroll of amnesia {unknown}
 i - a scroll of teleportation {unknown}
 k - a scroll of enchant armour {unknown}
 p - a scroll of enchant weapon {unknown}
 r - 2 scrolls of fog {unknown}
 u - 2 scrolls of identify {unknown}
Potions
 d - a potion of might
 e - a potion of magic {unknown}
 j - a potion of ambrosia {unknown}
 n - 2 potions of mutation {unknown}
 o - a potion of haste {unknown}
 q - 2 potions of cancellation {unknown}
 s - a potion of heal wounds {unknown}
 w - a potion of curing {unknown}
Comestibles
 f - 3 bread rations
 g - 6 fruits
 m - a slice of pizza


   Skills:
 + Level 4.2 Fighting
 + Level 3.0 Maces & Flails
 + Level 4.8 Armour
 + Level 2.0 Dodging
 + Level 0.2 Stealth
 + Level 4.5 Shields


You had 5 spell levels left.
You didn't know any spells.

Dungeon Overview and Level Annotations

Branches:
Dungeon (4/15)
 Temple: D:4-7

Altars:
Fedhas
Zin


Innate Abilities, Weirdness & Mutations

You are resistant to torment.
Your stone body is resilient (AC +4).
You are immune to poison.
You resist negative energy.
You are resistant to electric shocks.
You can survive without breathing.
You are immune to petrification.
You are immune to rotting.


Message History

You sock the hound!
You kill the hound!
Your Dodging skill increases to level 2!
You thump the ogre!
The ogre is moderately wounded.
The ogre hits you with a giant spiked club!
You hit the ogre.
The ogre is moderately wounded.
The ogre hits you with a giant spiked club.
You barely miss the ogre.
The ogre is moderately wounded.
You block the ogre's attack.
You hit the ogre.
The ogre is heavily wounded.
The ogre hits you with a giant spiked club!
You hit the ogre.
The ogre is severely wounded.
The ogre hits you with a giant spiked club!!
Ouch! That really hurt!
You die...

#########
#...O....
#O#
#@#######
#......<#
#########


You could see an ogre.

Vanquished Creatures
  An ogre (D:3)
  A hound (D:4)
  A worker ant (D:3)
  3 gnolls (D:3)
  4 adders
  2 worms (D:3)
  2 dart slugs
  2 giant geckos
  2 orcs (D:3)
  9 goblins
  6 hobgoblins
  6 jackals
  15 kobolds
  A quokka (D:2)
  4 ball pythons
  6 bats
  2 giant newts
  38 rats
105 creatures vanquished.

Notes
Turn   | Place    | Note
--------------------------------------------------------------
     0 | D:1      | Shtopit the Gargoyle Fighter began the quest for the Orb.
     0 | D:1      | Reached XP level 1. HP: 14/14 MP: 1/1
   117 | D:1      | Reached XP level 2. HP: 19/19 MP: 2/2
   817 | D:1      | Reached XP level 3. HP: 23/23 MP: 3/3
  1386 | D:2      | Found a blossoming altar of Fedhas.
  1412 | D:2      | Found a glowing silver altar of Zin.
  1413 | D:2      | Noticed an angel
  1666 | D:2      | Reached skill level 1 in Dodging
  1666 | D:2      | Reached XP level 4. HP: 28/28 MP: 4/4
  2644 | D:3      | Reached XP level 5. HP: 32/32 MP: 5/5
  3045 | D:4      | Noticed an ogre
  3607 | D:3      | Killed an ogre
  3607 | D:3      | Reached XP level 6. HP: 12/38 MP: 6/6
  3854 | D:4      | Slain by an ogre

Skill      XL: |  1  2  3  4  5  6 |
---------------+-------------------+-----
Armour         | 4 |  4.8
Shields        | 4 |  4.5
Dodging        | 1 2 |  2.0
Maces & Flails | 3 |  3.0
Fighting       | 4 |  4.2
Stealth        | |  0.2

Action                   |  1- 3 |  4- 6 || total
-------------------------+-------+-------++-------
Melee: Flail             |   164 |   243 ||   407
  Eat: Chunk             |     2 |     8 ||    10
Armor: Scale mail        |   119 |   115 ||   234
Dodge: Dodged            |    78 |    81 ||   159
Block: Shield            |   106 |   118 ||   224
